 Dungeon Crawl Stone Soup version 0.28-a0-1594-ga885d4b3d6 (webtiles) character file.

Game seed: 11101506775649604121

131 lonewolfV2 the Chopper (level 4, -1/37 HPs)
             Began as a Demonspawn Berserker on Jan 20, 2022.
             Was a Believer of Trog.
             Succumbed to an adder's poison
             ... on level 4 of the Dungeon.
             The game lasted 00:08:07 (5625 turns).

lonewolfV2 the Chopper (Demonspawn Berserker)       Turns: 5625, Time: 00:08:07

Health: -1/37      AC:  5    Str: 19    XL:     4   Next: 91%
Magic:  4/4        EV: 12    Int:  8    God:    Trog [**....]
Gold:   74         SH:  0    Dex: 13    Spells: 3/3 levels left

rFire   . . .      SeeInvis .   a - +0 hand axe
rCold   . . .      Faith    .   (no shield)
rNeg    . . .      Spirit   .   b - +1 animal skin
rPois   .          Reflect  .   (helmet restricted)
rElec   .          Harm     .   (no cloak)
rCorr   .          Rampage  .   (no gloves)
Will    ++...                   n - +1 pair of boots
Stlth   ++........              (no amulet)
HPRegen 1.12/turn               (no ring)
MPRegen 0.09/turn               (no ring)

@: lethally poisoned (-1 -> -5), strong-willed, attractive, regenerating
A: antennae 1, demonic magic 1
a: Renounce Religion, Berserk, Trog's Hand


You were on level 4 of the Dungeon.
You worshipped Trog.
Trog was pleased with you.
You visited 1 branch of the dungeon, and saw 4 of its levels.

You collected 74 gold pieces.

Inventory:

Hand Weapons
 a - a +0 hand axe (weapon)
Armour
 b - a +1 animal skin (worn)
 n - a +1 pair of boots (worn)
Wands
 j - a wand of iceblast (10)
Scrolls
 e - a scroll of summoning
 k - a scroll of enchant weapon
 l - a scroll of immolation {unknown}
 m - a scroll of identify
Potions
 c - 2 potions of brilliance
 d - 2 potions of mutation
 f - a potion of attraction
 g - 2 potions of flight
 h - a potion of might {unknown}
 i - a potion of ambrosia {unknown}


   Skills:
 + Level 3.7 Fighting
 + Level 3.9 Axes
 + Level 2.1 Armour
 + Level 2.5 Dodging
 + Level 0.9 Stealth


You had 3 spell levels left.
You didn't know any spells.
Your spell library was empty.

Dungeon Overview and Level Annotations

Branches:
Dungeon (4/15)
 Temple: D:4-7

Altars:


Innate Abilities, Weirdness & Mutations

You have a pair of small antennae on your head.
Spells you cast may paralyse adjacent enemies.


Message History

The orc shouts!
You hear an angry hiss.
You hear a shout!
An adder comes into view.
The iguana barely misses you. The iguana bites you!
A gnoll comes into view. It is wielding a +0 whip.
You hit the iguana.
The iguana is lightly wounded.
The iguana barely misses you.
You barely miss the iguana.
The iguana is lightly wounded.
You closely miss the orc. The iguana bites you! The orc closely misses you.
The adder bites you but does no damage.
You hit the iguana but do no damage.
The iguana is lightly wounded.
You hit the orc. You closely miss the adder. The iguana barely misses you.
The orc closely misses you. The adder bites you.
You hit the iguana.
The iguana is moderately wounded.
You hit the orc. You hit the adder. The adder bites you but does no damage.
The iguana closely misses you. The orc hits you with a +0 hand axe.
* * * LOW HITPOINT WARNING * * *
The adder bites you.
* * * LOW HITPOINT WARNING * * *
You are lethally poisoned!
The adder poisons you!
Unknown command.
Okay, then.
Okay, then.
It was a potion of attraction.
You feel attractive to monsters.
* * * LOW HITPOINT WARNING * * *
You feel sick. The iguana barely misses you.
The orc hits you but does no damage. The adder bites you.
* * * LOW HITPOINT WARNING * * *
You are more poisoned.
The adder poisons you!
Okay, then.
Your skin crawls.
You feel strong-willed.
You die...

###. ##.... .....#
## ..... #. ##... .
###.####..# ....
#.......l.#.....
##....@....... #
##..$.So#######
#.######...$..g.....
............##.....
. ...........##
......
.....#.##....#
......
....##..).#####
......
...............#
......
........<..###....


You could see an iguana, a gnoll, an adder and an orc.

Vanquished Creatures
  A hound (D:4)
  2 adders
  An ufetubus (D:3)
  4 dart slugs
  5 orcs (D:3)
  4 bats
  4 endoplasms
  8 goblins
  2 hobgoblins
  9 jackals (D:2)
  7 kobolds
  A quokka (D:2)
  6 ball pythons
  5 frilled lizards
  A rat (D:2)
60 creatures vanquished.

Vanquished Creatures (others)
  2 demonic plants (D:1)
2 creatures vanquished.

Grand Total: 62 creatures vanquished

Notes
Turn   | Place    | Note
-------+----------+-------------------------------------------
     0 | D:1      | lonewolfV2 the Demonspawn Berserker began the quest for the
                  | Orb.
     0 | D:1      | Reached XP level 1. HP: 18/18 MP: 1/1
   208 | D:1      | Gained mutation: Spells you cast may paralyse adjacent
                  | enemies. [demonic ancestry]
   208 | D:1      | Reached XP level 2. HP: 23/24 MP: 2/2
  1057 | D:1      | Found a faded altar of an unknown god.
  1436 | D:1      | Reached XP level 3. HP: 28/29 MP: 3/3
  1835 | D:2      | Reached ** piety under Trog
  3717 | D:3      | Gained mutation: You have a pair of small antennae on your
                  | head. [demonic ancestry]
  3717 | D:3      | Reached XP level 4. HP: 33/35 MP: 4/4
  5624 | D:4      | HP: 1/37 [adder (3)]
  5625 | D:4      | Succumbed to an adder's poison

Illustrated notes

Levels and vault maps discovered:
D:1:      matt_arrival_grand_opening, layout_basic,
          dreamdust_ecumenical_altar_sealed_demon, interstate_on_off,
          corexii_leaking_fountain, minmay_stone_trees_small
D:2:      layout_loops_corners
D:3:      layout_basic, chequers_serial_rivers_marsh
D:4:      layout_rooms, uniq_edmund

Skill      XL: |  1  2 |
---------------+-------+-----
Armour         | 2 |  2.1
Axes           | 3 |  3.9
Dodging        | 2 |  2.5
Fighting       | |  3.7
Stealth        | |  0.9

Action                   |  1- 3 |  4- 6 || total
-------------------------+-------+-------++-------
Melee: Hand axe          |   151 |    69 ||   220
Invok: Trog's Hand       |       |     1 ||     1
  Use: Scroll            |     5 |     4 ||     9
       Potion            |       |     1 ||     1
 Stab: Sleeping          |     2 |       ||     2
Armor: Animal skin       |    45 |    15 ||    60
Dodge: Dodged            |   130 |    59 ||   189

Table legend: (Time is in decaauts)
 A = Elapsed time spent in this place.
 B = Non-inter-level travel time spent in this place.
 C = Inter-level travel time spent in this place.
 D = Time resting spent in this place.
 E = Time spent auto-exploring this place.
 F = Levels seen in this place.
 G = Mean time per level.
                   A        B        C        D        E       F      G
               +--------+--------+--------+--------+--------+-----+--------+
         Total |   5661 |   5617 |     44 |   2391 |   2542 |   4 | 1415.2 |
       Dungeon |   5661 |   5617 |     44 |   2391 |   2542 |   4 | 1415.2 |
               +--------+--------+--------+--------+--------+-----+--------+

Top non-repeatable levels by time:
     D:3: 2092 daAuts
     D:2: 1619 daAuts
     D:1: 1598 daAuts
     D:4: 351 daAuts
